 Dungeon Crawl Stone Soup version 0.20.1-1-g8b1a95d (webtiles) character file.

2833 Gargoyl the Cleaver (level 9, -12/70 HPs)
             Began as a Minotaur Abyssal Knight on Aug 17, 2017.
             Was a High Priest of Lugonu.
             Mangled by a two-headed ogre
             ... wielding a +0 giant spiked club
              (27 damage)
             ... on level 8 of the Dungeon.
             The game lasted 00:12:28 (5616 turns).

Gargoyl the Cleaver (Minotaur Abyssal Knight)       Turns: 5616, Time: 00:12:28

Health: -12/70     AC: 18    Str: 21    XL:     9   Next: 45%
Magic:  12/12      EV:  7    Int:  9    God:    Lugonu [*****.]
Gold:   119        SH: 12    Dex: 13    Spells: 8/8 levels left

rFire    . . .     SeeInvis .   a - +2 hand axe
rCold    + . .     Gourm    .   m - +2 shield "Eluwaqod" {Regen+}
rNeg     . . .     Faith    .   i - +5 chain mail
rPois    .         Spirit   .   (helmet restricted)
rElec    .         Reflect  .   (no cloak)
rCorr    .         Harm     .   (no gloves)
MR       .....     Clarity  +   q - +1 pair of boots
Stlth    ..........             e - amulet of regeneration
Regen    1.5/turn               (no ring)
MPRegen  0.2/turn               (no ring)

@: no status effects
A: retaliatory headbutt, horns 2, agile 1, clarity, cold resistance 1, frail 1,
regeneration 1, strong 1, wild magic 1
a: Depart the Abyss, Bend Space, Banish, Corrupt, Enter the Abyss, Renounce
Religion


You were on level 8 of the Dungeon.
You worshipped Lugonu.
Lugonu was extremely pleased with you.
You were not hungry.

You visited 1 branch of the dungeon, and saw 8 of its levels.
You visited the Abyss 1 time.

You collected 398 gold pieces.
You spent 279 gold pieces at shops.

Inventory:

Hand Weapons
 a - a +2 hand axe (weapon)
Missiles
 w - 3 tomahawks (quivered)
Armour
 i - a +5 chain mail (worn)
 m - the +2 shield "Eluwaqod" (worn) {Regen+}
   (You bought it in a shop on level 5 of the Dungeon)

   It increases your rate of regeneration.
 q - a +1 pair of boots (worn)
Jewellery
 e - an amulet of regeneration (around neck)
Wands
 d - a wand of flame (48/48)
 y - a wand of polymorph (10/24)
 C - a wand of paralysis (13/24)
 D - a wand of paralysis (9/24)
Scrolls
 g - 9 scrolls of remove curse
 h - 3 scrolls of identify
 j - 2 scrolls of recharging
 o - 2 scrolls of blinking
 u - 2 scrolls of teleportation
 x - a scroll of fog
 B - a scroll of enchant weapon
Potions
 b - 3 potions of curing
 f - a potion of magic
 n - a potion of lignification {unknown}
 p - 2 potions of might
 t - a potion of brilliance {unknown}
 z - a potion of flight {unknown}
 A - 2 potions of resistance {unknown}
 F - a potion of agility {unknown}
Books
 v - a book of Battle

   Spells                             Type                      Level
   a - Infusion                       Charms                       1
   b - Shroud of Golubria             Charms/Translocation         2
   c - Song of Slaying                Charms                       2
   d - Spectral Weapon                Hexes/Charms                 3
   e - Regeneration                   Charms/Necromancy            3
Comestibles
 c - 3 bread rations
 k - 3 royal jellies
 l - a meat ration
 s - 11 fruits


   Skills:
 + Level 6.8 Fighting
 + Level 9.1 Axes
 * Level 8.8 Armour
 + Level 2.2 Dodging
 + Level 4.2 Shields
 * Level 5.3 Invocations


You had 8 spell levels left.
You didn't know any spells.

Dungeon Overview and Level Annotations

Branches:
Dungeon (8/15)             Temple (0/1) D:6
   Lair: D:8-11

Altars:
Ashenzari
Cheibriados
Dithmenos
Elyvilon
Kikubaaqudgha
Makhleb
Qazlal
Ru
Vehumet
Xom
Yredelemnul
Zin

Shops:
D:5 [


Innate Abilities, Weirdness & Mutations

You reflexively headbutt those who attack you in melee.
You have a pair of horns on your head.
You are agile. (Dex +2)
You possess an exceptional clarity of mind.
Your flesh is cold resistant. (rC+)
You are frail. (-10% HP)
Your natural rate of healing is unusually fast.
Your muscles are strong. (Str +2)
Your spells are a little harder to cast, but a little more powerful.


Message History

You hit the two-headed ogre but do no damage.
The two-headed ogre is heavily wounded.
The two-headed ogre hits you with a giant spiked club!
You block the two-headed ogre's attack.
You hit the two-headed ogre.
The two-headed ogre is heavily wounded.
The two-headed ogre completely misses you.
You block the two-headed ogre's attack.
Your shield and chain mail prevent you from hitting the two-headed ogre.
You headbutt the two-headed ogre.
The two-headed ogre is heavily wounded.
You hit the two-headed ogre.
The two-headed ogre is severely wounded.
The two-headed ogre hits you with a giant spiked club!
The two-headed ogre hits you with a giant club!
* * * LOW HITPOINT WARNING * * *
You slash the two-headed ogre! You headbutt the two-headed ogre!
The two-headed ogre is almost dead.
The two-headed ogre hits you with a giant spiked club!!
You die...

######### #.......#
#.......###########
.......##.......### #
#....##.........#
...##......<..#.....####
.........@O......_..!...
........................
......#.................
#..>.......<............
#....######+##.....?..≈≈
#.... #.....≈≈.≈. #....
#.....≈≈... #...
#.....≈≈... #.....≈≈≈..


You could see a two-headed ogre.

Vanquished Creatures
  Eustachio (D:6)
  A hungry ghost (D:7)
  Menkaure (D:4)
  A black bear (D:7)
  An orc warrior (D:6)
  3 sky beasts
  3 phantoms
  3 ogres
  2 bullfrogs
  4 howler monkeys (D:6)
  A centaur zombie (D:6)
  5 crimson imps
  A bullfrog zombie (D:5)
  2 centaur skeletons
  2 jellies
  A gnoll shaman (D:7)
  3 orc priests
  8 orc wizards
  6 worker ants
  A hound skeleton (D:6)
  A howler monkey zombie (D:7)
  Robin (D:4)
  13 gnolls
  8 adders
  2 oozes
  5 worms
  2 dart slugs (D:1)
  4 leopard geckos
  20 orcs
  9 bats
  5 giant cockroaches
  16 goblins
  4 hobgoblins
  6 jackals
  4 quokkas
  2 ball pythons
  4 frilled lizards
  A giant cockroach zombie (D:5)
  8 kobolds
  A leopard gecko skeleton (D:5)
  A quokka zombie (D:6)
  11 rats
178 creatures vanquished.

Notes
Turn   | Place    | Note
-------+----------+-------------------------------------------
     0 | Abyss:1  | Gargoyl the Minotaur Abyssal Knight began the quest for the Orb.
     0 | Abyss:1  | Reached XP level 1. HP: 19/19 MP: 1/1
   108 | Abyss:2  | Noticed an orange demon
   109 | D:1      | Escaped the Abyss
   190 | D:1      | Reached * piety under Lugonu
   271 | D:1      | Reached XP level 2. HP: 27/27 MP: 2/2
   557 | D:1      | Reached XP level 3. HP: 33/33 MP: 3/3
   626 | D:1      | Reached ** piety under Lugonu
   909 | D:2      | Reached skill level 3 in Axes
  1147 | D:2      | Reached XP level 4. HP: 32/41 MP: 4/4
  1171 | D:2      | Found an ancient bone altar of Kikubaaqudgha.
  1938 | D:3      | Reached skill level 4 in Axes
  1938 | D:3      | Reached XP level 5. HP: 40/47 MP: 5/5
  2110 | D:3      | Reached skill level 5 in Fighting
  2239 | D:3      | Reached *** piety under Lugonu
  2288 | D:3      | Found a burning altar of Makhleb.
  2288 | D:3      | Noticed a green death
  2292 | D:3      | Noticed a hellwing
  2292 | D:3      | Noticed a smoke demon
  2403 | D:4      | Found a stormy altar of Qazlal.
  2404 | D:4      | Found a shattered altar of Ashenzari.
  2406 | D:4      | Found a glowing silver altar of Zin.
  2407 | D:4      | Found a radiant altar of Vehumet.
  2407 | D:4      | Found a basalt altar of Yredelemnul.
  2408 | D:4      | Found a white marble altar of Elyvilon.
  2408 | D:4      | Found a shimmering altar of Xom.
  2408 | D:4      | Noticed a sky beast
  2409 | D:4      | Found a snail-covered altar of Cheibriados.
  2421 | D:4      | Killed a sky beast
  2421 | D:4      | Reached skill level 5 in Armour
  2421 | D:4      | Reached XP level 6. HP: 35/56 MP: 7/7
  2425 | D:4      | Gained mutation: You are agile. (Dex +2) [mutagenic meat]
  2477 | D:4      | Noticed Menkaure
  2493 | D:4      | Killed Menkaure
  2493 | D:4      | Reached skill level 5 in Axes
  2769 | D:4      | Noticed Robin
  2781 | D:4      | Killed Robin
  2791 | D:4      | Reached XP level 7. HP: 61/61 MP: 8/8
  3165 | D:5      | Entered Level 5 of the Dungeon
  3283 | D:5      | Found Ziannack's Armour Boutique.
  3290 | D:5      | Reached **** piety under Lugonu
  3467 | D:5      | Reached skill level 6 in Axes
  3828 | D:5      | Bought the +2 shield "Eluwaqod" {Regen+} for 279 gold pieces
  3875 | D:6      | Noticed Eustachio
  3893 | D:6      | Killed Eustachio
  3923 | D:6      | Reached XP level 8. HP: 69/69 MP: 9/9
  3966 | D:6      | Found a shadowy altar of Dithmenos.
  4071 | D:6      | Reached skill level 7 in Axes
  4131 | D:6      | Reached skill level 1 in Shields
  4521 | D:6      | Found a staircase to the Ecumenical Temple.
  4631 | D:7      | Reached skill level 8 in Axes
  4855 | D:6      | Reached XP level 9. HP: 78/78 MP: 11/11
  4885 | D:7      | Reached ***** piety under Lugonu
  4938 | D:7      | Reached skill level 5 in Invocations
  5249 | D:7      | Reached skill level 9 in Axes
  5261 | D:7      | Gained mutation: You are frail. (-10% HP) [mutagenic meat]
  5262 | D:7      | Gained mutation: Your spells are a little harder to cast, but a little more powerful. [mutagenic meat]
  5263 | D:7      | Gained mutation: Your flesh is cold resistant. (rC+) [mutagenic meat]
  5264 | D:7      | Gained mutation: Your muscles are strong. (Str +2) [mutagenic meat]
  5265 | D:7      | Gained mutation: You possess an exceptional clarity of mind. [mutagenic meat]
  5266 | D:7      | Gained mutation: Your natural rate of healing is unusually fast. [mutagenic meat]
  5533 | D:8      | Found a sacrificial altar of Ru.
  5537 | D:8      | Noticed a two-headed ogre
  5616 | D:8      | Mangled by a two-headed ogre

Skill      XL: |  1  2  3  4  5  6  7  8  9 |
---------------+----------------------------+-----
Fighting       | 4 5 6 |  6.8
Invocations    | 2 3 4 5 |  5.3
Axes           | 3 4 5 6 8 9 |  9.1
Armour         | 3 5 7 8 |  8.8
Shields        | 3 4 |  4.2
Dodging        | 2 |  2.2

Action                   |  1- 3 |  4- 6 |  7- 9 || total
-------------------------+-------+-------+-------++-------
Melee: Hand axe          |    83 |   130 |   329 ||   542
       Headbutt          |    16 |    18 |    77 ||   111
Invok: Depart the Abyss  |     1 |       |       ||     1
  Use: Scroll            |     7 |     3 |     5 ||    15
       Potion            |       |       |     1 ||     1
  Eat: Chunk             |     1 |     6 |    15 ||    22
       Meat ration       |       |       |     1 ||     1
Armor: Chain mail        |    67 |   121 |   224 ||   412
Dodge: Dodged            |    30 |    62 |    94 ||   186
Block: Shield            |       |       |   161 ||   161
       Buckler           |       |       |     8 ||     8
